 Dungeon Crawl Stone Soup version 0.31-a0-839-g762be4b (webtiles) character file.

Game seed: 4945878073496536280

298 BarneyGumball the Shooter (level 5, -4/45 HPs)
             Began as a Demigod Hunter on Sept 26, 2023.
             Slain by a killer bee (6 damage)
             ... on level 6 of the Dungeon.
             The game lasted 00:07:15 (2779 turns).

BarneyGumball the Shooter (Demigod Hunter)          Turns: 2779, Time: 00:07:16

Health: -4/45      AC:  3    Str: 12    XL:     5   Next: 88%
Magic:  7/7        EV: 12    Int: 11    God:
Gold:   78         SH:  0    Dex: 21    Spells: 4/4 levels left

rFire   . . .        a - +0 shortbow
rCold   . . .        (shield currently unavailable)
rNeg    . . .        c - +0 leather armour
rPois   .            (no helmet)
rElec   .            (no cloak)
rCorr   .            (no gloves)
SInv    .            (no boots)
Will    .....        (no amulet)
Stlth   ++           (no ring)
HPRegen 0.27/turn    (no ring)
MPRegen 0.10/turn

%: no passive effects
@: lethally poisoned (-4 -> -15)
A: high MP 1, forlorn, divine attributes
a: no special abilities


You were on level 6 of the Dungeon.
You visited 1 branch of the dungeon, and saw 6 of its levels.

You collected 78 gold pieces.

Inventory:

Hand Weapons
 a - a +0 shortbow (weapon)
Armour
 c - a +0 leather armour (worn)
 f - a scarf of resistance
Jewellery
 k - a ring of ice
Scrolls
 d - a scroll of enchant weapon
 e - a scroll of enchant armour
 i - 2 scrolls of teleportation {unknown}
 m - a scroll of blinking {unknown}
 n - a scroll of amnesia {unknown}
 o - a scroll of vulnerability {unknown}
 p - a scroll of silence {unknown}
 q - a scroll of fog {unknown}
Potions
 b - a potion of heal wounds {unknown}
 h - a potion of might
 l - a potion of mutation {unknown}


   Skills:
 - Level 3.0 Fighting
 + Level 6.3 Ranged Weapons
 - Level 1.7 Dodging
 - Level 0.8 Stealth


You had 4 spell levels left.
You didn't know any spells.
Your spell library was empty.

Dungeon Overview and Level Annotations

Branches:
Dungeon (6/15)
 Temple: D:4-7


Innate Abilities, Weirdness & Mutations

You have an increased reservoir of magic. (+10% MP)
You shall have no god before yourself.
Your divine heritage dramatically boosts your attributes as you level up.


Message History

No target in view!
You see here an iguana corpse.
A killer bee comes into view.
The killer bee buzzes angrily.
You shoot an arrow. The arrow hits the killer bee.
The killer bee is lightly wounded.
The killer bee stings you.
You are poisoned.
The killer bee poisons you!
You shoot an arrow. The arrow misses the killer bee.
You feel very sick. The killer bee stings you. The killer bee stings you!
You are more poisoned.
The killer bee poisons you!
You feel very sick. The killer bee stings you.
You are lethally poisoned!
The killer bee poisons you!
You are too injured to fight recklessly!
You are too injured to fight recklessly!
You are too injured to fight recklessly!
Fire: a) +0 shortbow
Press: ? - help, Q - select action Shift-Dir - straight line, f/p - killer bee
Aim: a killer bee (lightly wounded, 42% to hit)
You shoot an arrow.
The arrow closely misses the killer bee.
You feel very sick. The killer bee closely misses you.
The killer bee stings you but does no damage.
Fire: a) +0 shortbow
Press: ? - help, Q - select action Shift-Dir - straight line, f/p - killer bee
Aim: a killer bee (lightly wounded, 42% to hit)
You shoot an arrow.
The arrow closely misses the killer bee.
* * * LOW HITPOINT WARNING * * *
You feel very sick. The killer bee misses you. The killer bee stings you!
* * * LOW HITPOINT WARNING * * *
The killer bee stings you.
You die...

###.### ####### #..##.##.#
#..# #.....# #.....##.#
#.## #.###.# #...#.##.#
#.# #.# #.# #.....##.# #.#
#.###.# ##.......# #.#
#.....# #..###.## #.#
###.### #..###.# #.#
######.######....#.#
#.####......#.y@...##.#.#
#.......#####.####.##.#.#
##.......#####.####......#
.............#.##......###
##.##..........b..#.####
...##.#..###.#......#
##.##.##.# #.########
.........# #.# ......####
#.#


You could see a killer bee.

Vanquished Creatures
  A scorpion (D:6)
  A hound (D:6)
  2 iguanas
  An orc wizard (D:4)
  3 adders (D:2)
  A shadow imp (D:6)
  A white imp (D:6)
  2 ufetubi (D:4)
  A dart slug (D:1)
  8 orcs
  9 ball pythons
  A bat (D:3)
  4 endoplasms
  7 giant cockroaches
  5 hobgoblins
  5 jackals (D:1)
  2 quokkas
  5 frilled lizards
  8 goblins
  5 kobolds
  8 rats
80 creatures vanquished.

Notes
Turn   | Place    | Note
-------+----------+-------------------------------------------
     0 | D:1      | BarneyGumball the Demigod Hunter began the quest for the
                  | Orb.
     0 | D:1      | Reached XP level 1. HP: 17/17 MP: 3/3
    77 | D:1      | Reached skill level 4 in Ranged Weapons
   219 | D:1      | Reached XP level 2. HP: 24/24 MP: 4/4
   514 | D:1      | Reached XP level 3. HP: 29/29 MP: 5/5
  1443 | D:2      | Reached skill level 5 in Ranged Weapons
  1449 | D:2      | Reached XP level 4. HP: 37/37 MP: 6/6
  1850 | D:3      | Identified the +9 short sword "Ciphaav" {flame, Will++
                  | Str+4}
  2247 | D:4      | You fall into a shaft and drop 2 floors!
  2266 | D:6      | Reached XP level 5. HP: 45/45 MP: 7/7
  2280 | D:5      | Entered Level 5 of the Dungeon
  2280 | D:5      | Noticed a water moccasin
  2676 | D:6      | Reached skill level 6 in Ranged Weapons
  2779 | D:6      | HP: 2/45 [killer bee (8)]
  2779 | D:6      | Slain by a killer bee

Illustrated notes

Levels and vault maps discovered:
D:1:      lemuel_arrival_lava_pool, layout_loops_ring,
          hellmonk_ecumenical_altar_crossroads
D:2:      layout_loops_corners
D:3:      layout_basic
D:4:      layout_layer_cave, hangedman_ru_absence, uniq_natasha
D:5:      layout_basic, gammafunk_ghost_stat_death, kennysheep_minor_cross,
          minmay_statues_item, nicolae_shop_self_help
D:6:      layout_loops_cross, uniq_pikel, uniq_menkaure, uniq_edmund

Skill      XL: |  1  2  3  4  5 |
---------------+----------------+-----
Ranged Weapons | 4 5 6 |  6.3
Fighting       | 2 3 |  3.0
Dodging        | |  1.7
Stealth        | |  0.8

Action                     |  1- 3 |  4- 6 || total
---------------------------+-------+-------++-------
   Fire: Shortbow          |   118 |   119 ||   237
    Use: Scroll            |       |     5 ||     5
         Potion            |       |     1 ||     1
 Armour: Leather armour    |    19 |    49 ||    68
  Dodge: Dodged            |    20 |    43 ||    63

Table legend: (Time is in decaauts)
 A = Elapsed time spent in this place.
 B = Non-inter-level travel time spent in this place.
 C = Inter-level travel time spent in this place.
 D = Time resting spent in this place.
 E = Time spent auto-exploring this place.
 F = Levels seen in this place.
 G = Mean time per level.
                   A        B        C        D        E       F      G
               +--------+--------+--------+--------+--------+-----+--------+
         Total |   2824 |   2759 |     65 |    225 |   2086 |   6 |  470.7 |
       Dungeon |   2824 |   2759 |     65 |    225 |   2086 |   6 |  470.7 |
               +--------+--------+--------+--------+--------+-----+--------+

Top non-repeatable levels by time:
     D:2: 824 daAuts
     D:1: 770 daAuts
     D:6: 539 daAuts
     D:3: 499 daAuts
     D:4: 188 daAuts
     D:5: 1 daAuts
